Map: Acid Plant LE

Players

IIIIIIIIIIII

  • Race: Zerg Zerg
  • League: Master
  • Spawn Location: 5:00

NORTHAMERICA - Winner!

  • Race: Protoss Protoss
  • League: Grandmaster
  • Spawn Location: 11:00

VOD

Have the link to the VOD?

Description

Time

  • Played on: Aug. 6, 2018, 4:45 a.m.
  • Length: 12:41
Show
View Real Time Build Order
Export as new Build Order

IIIIIIIIIIII Zerg 

Build Orders: Hatch First 

Get SALT Encoding   

  12  0:01  Drone  
  13  0:12  Overlord  
  13  0:17  Drone  
  14  0:30  Drone  
  14  0:31  Drone  
  16  0:50  Hatchery  
  16  0:54  Drone  
  16  0:56  Drone  
  17  0:58  Drone  
  18  1:09  Extractor  
  17  1:18  Drone  
  17  1:19  Spawning Pool  
  17  1:21  Drone  
  18  1:28  Drone  
  19  1:46  Overlord  
  19  1:52  Drone  
  21  2:08  Queen  
  23  2:12  Zergling x2  
  23  2:13  Zergling x2  
  25  2:16  Metabolic Boost  
  25  2:17  Hatchery  
  24  2:27  Drone  
  25  2:38  Drone  
  25  2:43  Queen  
  28  2:52  Hatchery  
  28  2:56  Overlord  
  28  2:57  Drone  
  28  3:24  Zergling x4  
  28  3:25  Drone  
  28  3:26  Drone  
  32  3:28  Queen  
  32  3:29  Drone  
  35  3:38  Drone  
  36  3:45  Evolution Chamber  
  34  3:50  Zergling x2  
  34  3:52  Drone  
  34  3:53  Drone x3  
  38  4:03  Drone, Queen  
  38  4:08  Overlord x2  
  40  4:12  Zerg Melee Weapons Level 1  
  39  4:18  Spore Crawler  
  39  4:22  Drone x3  
  41  4:30  Zergling x6  
  44  4:32  Zergling x2  
  45  4:45  Overlord  
  45  4:48  Drone  
  45  4:49  Zergling x12  
  52  5:03  Spore Crawler, Overlord  
  52  5:04  Spore Crawler  
  52  5:05  Zergling x6  
  52  5:06  Zergling x2  
  53  5:26  Drone  
  53  5:27  Drone x6  
  59  5:34  Drone x3  
  62  5:41  Roach Warren  
  61  5:47  Drone x5  
  61  5:48  Drone  
  67  5:55  Overlord x4  
  67  6:01  Lair  
  66  6:10  Overlord x3  
  66  6:14  Extractor  
  65  6:21  Roach x5  
  75  6:28  Roach x4  
  75  6:30  Zergling x2  
  84  6:35  Zergling x4  
  84  6:39  Roach x4  
  93  6:47  Zergling x6  
  94  6:59  Zergling x10  
  92  7:02  Queen  
  92  7:03  Queen  
  96  7:17  Zerg Melee Weapons Level 2  
  96  7:19  Glial Reconstitution, Baneling Nest  
  95  7:23  Drone x3  
  98  7:32  Roach x7  
  98  7:34  Hatchery  
  111  7:39  Overlord  
  111  7:40  Overlord x2  
  111  7:54  Overseer x2  
  111  7:57  Zergling x16  
  119  8:02  Overseer  
  119  8:15  Zergling x10  
  123  8:23  Zergling x4  
  125  8:32  Overseer  
  125  8:39  Zergling x4  
  122  8:53  Hatchery  
  119  9:00  Drone x2  
  119  9:01  Drone x2  
  123  9:03  Zergling x2  
  124  9:12  Pneumatized Carapace  
  124  9:14  Roach  
  124  9:15  Roach x4, Hatchery  
  133  9:19  Centrifical Hooks  
  133  9:23  Zergling x2  
  133  9:24  Zergling x6  
  137  9:29  Zergling x10  
  142  9:31  Ravager  
  142  9:37  Zergling x4  
  145  9:42  Overlord  
  144  9:48  Zergling x4  
  144  9:50  Ravager  
  144  9:52  Zergling x2  
  147  9:56  Zergling x2  
  148  10:00  Baneling x3  
  148  10:02  Zergling x4  
  138  10:13  Zergling x6  
  118  10:19  Overseer x2  
  101  10:24  Zergling x6  
  101  10:25  Overseer  
  101  10:27  Zergling x2  
  97  10:29  Zergling x2  
  97  10:35  Roach  
  83  10:40  Roach  
  83  10:41  Queen x2  
  79  10:45  Roach x2  
  82  10:50  Roach  
  82  10:52  Overseer  
  82  10:54  Roach  
  74  10:58  Hatchery  
  74  11:01  Roach x2  
  69  11:07  Zergling x6  
  70  11:17  Roach x4  
  70  11:18  Zergling x2  
  75  11:26  Spore Crawler  
  75  11:29  Roach  
  75  11:30  Zergling x4  
  76  11:39  Extractor, Zergling x2  
  76  11:40  Extractor, Zergling x4  
  76  11:43  Zergling x2  
  76  11:47  Extractor  
  75  11:51  Roach  
  75  11:52  Roach x3  
  75  11:53  Zergling x2  
  84  12:00  Queen  
  86  12:03  Roach x2  
  86  12:04  Zergling x2  
  86  12:07  Zergling x8  
  91  12:17  Roach x3  
Show
View Real Time Build Order
Export as new Build Order

NORTHAMERICA Protoss - Winner!

Build Orders:  

Get SALT Encoding   

  12  0:01  Probe  
  13  0:13  Probe  
  14  0:20  Pylon  
  14  0:25  Probe  
  15  0:35  Probe  
  15  0:39  Forge  
  16  0:43  Probe  
  17  0:52  Probe  
  18  1:04  Probe  
  19  1:20  Pylon  
  19  1:23  Pylon  
  19  1:26  Pylon  
  19  1:40  Pylon  
  19  1:41  Photon Cannon  
  19  1:47  Probe  
  19  1:50  Photon Cannon  
  19  1:51  Gateway  
  20  2:00  Probe  
  21  2:05  Assimilator  
  21  2:09  Probe  
  21  2:15  Nexus  
  22  2:17  Probe  
  23  2:26  Assimilator, Probe  
  24  2:42  Pylon  
  25  2:44  Cybernetics Core  
  25  2:47  Zealot  
  26  2:57  Pylon  
  26  3:00  Photon Cannon  
  26  3:19  Photon Cannon  
  26  3:20  Pylon  
  25  3:30  Stargate  
  25  3:31  Stalker  
  25  3:40  Warp Gate  
  26  3:49  Probe  
  26  3:51  Probe  
  28  4:01  Probe  
  29  4:03  Probe  
  29  4:04  Sentry, Oracle  
  29  4:06  Photon Cannon  
  30  4:13  Probe  
  30  4:15  Probe  
  35  4:25  Probe  
  35  4:26  Protoss Ground Weapons Level 1  
  35  4:28  Probe, Pylon  
  37  4:37  Probe  
  38  4:40  Probe  
  39  4:49  Probe  
  40  4:54  Probe  
  40  4:56  Robotics Facility  
  41  5:01  Gateway  
  41  5:03  Probe  
  42  5:07  Gateway  
  42  5:08  Probe  
  42  5:12  Gateway  
  43  5:16  Probe  
  43  5:19  Pylon  
  44  5:30  Twilight Council  
  44  5:31  Probe  
  44  5:33  Warp Prism  
  45  5:38  Pylon  
  45  5:39  Assimilator  
  45  5:42  Pylon  
  47  5:54  Sentry  
  49  5:58  Charge  
  49  6:01  Pylon  
  49  6:05  Zealot x2  
  53  6:13  Dark Shrine  
  53  6:16  Zealot  
  55  6:22  Zealot  
  57  6:29  Pylon  
  57  6:31  Zealot  
  57  6:32  Zealot  
  61  6:36  Pylon  
  61  6:40  Zealot  
  61  6:56  Immortal  
  61  6:58  Zealot  
  61  6:59  Zealot  
  59  7:05  Probe  
  60  7:12  Probe  
  60  7:14  Assimilator  
  57  7:18  Shield Battery, Probe  
  57  7:22  Gateway  
  58  7:23  Gateway  
  58  7:30  Pylon  
  58  7:32  Probe  
  59  7:43  Immortal  
  59  7:46  Dark Templar x4  
  71  7:58  Probe  
  72  8:01  Probe  
  73  8:06  Nexus  
  73  8:07  Pylon  
  73  8:10  Probe  
  74  8:13  Probe  
  74  8:14  Immortal  
  72  8:39  Stalker x2  
  72  8:40  Stalker  
  78  8:43  Immortal  
  76  8:52  Probe  
  81  8:57  Dark Templar x2  
  85  9:03  Archon  
  85  9:07  Nexus  
  85  9:09  Pylon  
  83  9:10  Dark Templar  
  83  9:11  Dark Templar  
  83  9:16  Archon  
  87  9:17  Dark Templar  
  87  9:22  Immortal  
  93  9:32  Shield Battery  
  93  9:34  Shield Battery  
  93  9:36  Pylon, Photon Cannon  
  93  9:51  Stalker x3  
  99  9:55  Shield Battery  
  103  10:09  Zealot x2  
  97  10:19  Dark Templar x2  
  86  10:23  Dark Templar  
  78  10:29  Dark Templar  
  78  10:33  Probe  
  73  10:37  Zealot x2  
  73  10:38  Archon  
  74  10:45  Immortal  
  68  10:52  Zealot x3  
  68  10:56  Zealot  
  76  10:59  Zealot  
  76  11:03  Probe  
  79  11:12  Warp Prism  
  79  11:16  Probe  
  78  11:20  Sentry  
  82  11:27  Dark Templar x2  
  82  11:31  Archon  
  86  11:33  Dark Templar x2  
  86  11:39  Archon  
  90  11:42  Zealot  
  90  11:43  Zealot  
  95  12:01  Zealot x3  
  99  12:07  Stalker x2  
  99  12:08  Observer, Stalker  
  93  12:24  Zealot x3  
  93  12:29  Zealot  
Tags
 
Add a new tag
Caveats
  • Supply blocks, unpowered buildings, or Contaminate may cause inaccurate times.
  • Supply counts are checked every 10 seconds.